 Dungeon Crawl Stone Soup version 0.17-a0-1945-gfe993df (webtiles) character file.

182 Ordine the Skirmisher (level 5, -1/38 HPs)
             Began as an Octopode Fighter on Oct 1, 2015.
             Slain by a gnoll (4 damage)
             ... on level 3 of the Dungeon.
             The game lasted 00:06:44 (2176 turns).

Ordine the Skirmisher (Octopode Fighter)            Turns: 2176, Time: 00:06:45

Health: -1/38      AC:  1    Str: 15    XL:     5   Next: 61%
Magic:  5/5        EV: 10    Int: 11    God:
Gold:   106        SH:  8    Dex: 12    Spells: 0 memorised, 4 levels left

rFire  . . .     SeeInvis .     a - +0 long sword
rCold  . . .     Clarity  .     b - +0 shield
rNeg   . . .     SustAt   .     (helmet restricted)
rPois  .         Gourm    .     g - amulet of rage
rElec  .         Spirit   .     c - ring of protection from magic
rCorr  .         Warding  .     (no ring)
rMut   .         Stasis   .     (no ring)
MR     +....                    (no ring)
Stlth  ++........               (no ring)
                                (no ring)
                                (no ring)
                                (no ring)

@: very slightly contaminated, hasted, very quick, somewhat resistant to hostile
enchantments, unstealthy
A: almost no armour, amphibious, 8 rings, constrict 8, camouflage 1, gelatinous
body 1
a: Evoke Berserk Rage


You were on level 3 of the Dungeon.
You were not hungry.

You visited 1 branch of the dungeon, and saw 3 of its levels.

You collected 106 gold pieces.

Inventory:

Hand weapons
 a - a +0 long sword (weapon)
Armour
 b - a +0 shield (worn)
Jewellery
 c - a ring of protection from magic (left tentacle)
 g - an amulet of rage (around mantle)
Potions
 e - a potion of mutation {unknown}
 i - 3 potions of heal wounds {unknown}
 l - a potion of invisibility {unknown}
 m - a potion of resistance {unknown}
Comestibles
 d - 5 bread rations
 h - a beef jerky
 j - a meat ration
 k - 7 chunks of flesh


   Skills:
 + Level 4.7 Fighting
 + Level 4.2 Long Blades
 - Level 3.0 Dodging
 - Level 3.0 Shields


You had 4 spell levels left.
You didn't know any spells.

Dungeon Overview and Level Annotations

Branches:
Dungeon (3/15)

Altars:
Cheibriados
Sif Muna
Vehumet
Xom
Zin


Innate Abilities, Weirdness & Mutations

You cannot wear most types of armour.
You are amphibious.
You can wear up to eight rings at the same time.
You can use your tentacles to constrict eight enemies at once.
Your skin changes colour to match your surroundings (Stealth).
Your rubbery body absorbs attacks (AC +1).


Message History

You constrict the gnoll, but do no damage.
You block the gnoll's attack.
You hit the gnoll.
The gnoll is heavily wounded.
You constrict the gnoll. You slash the gnoll!
You kill the gnoll!
You butcher the gnoll corpse.
k - 7 chunks of flesh (gained 3)
Things that are here:
a halberd; a throwing net
Things that are here:
a spear; a gnoll corpse You butcher the gnoll corpse.
You block the gnoll's attack.
Things that are here:
a spear; 3 chunks of flesh You hit the gnoll.
You grab the gnoll.
The gnoll is lightly wounded.
You constrict the gnoll. The gnoll hits you.
You die...

#...### ####.[.# #.......
##.## ##....#.#
######....>.. #..#
#..###..## #.[..........
#..##
#.###....#####.####...)...
#...# #.# ##..##.....#
###...... #.#.# #.#
#..##.##### #........
#.#.####.# #..#..#
#####.####### #.#.##...#
##...g####.....#
#.#....###
#....@))...#####
..#....#####....#######
.##...........#.#
..).†.........#..
.##..##.#........ .##..#
...##).#... .##..#
#.###.####. ###..# ..##.#
# #.#### ...#


You could see a gnoll.

Vanquished Creatures
  An orc wizard (D:3)
  6 gnolls
  4 adders
  A worm (D:2)
  2 giant geckos (D:3)
  4 orcs (D:3)
  6 bats
  A giant cockroach (D:2)
  8 hobgoblins
  3 jackals (D:3)
  4 kobolds
  2 giant newts
  6 goblins
  3 rats (D:1)
51 creatures vanquished.

Notes
Turn   | Place    | Note
--------------------------------------------------------------
     0 | D:1      | Ordine the Octopode Fighter began the quest for the Orb.
     0 | D:1      | Reached XP level 1. HP: 16/16 MP: 1/1
   551 | D:1      | Reached XP level 2. HP: 17/21 MP: 2/2
   914 | D:2      | Found a deep blue altar of Sif Muna.
   915 | D:2      | Found a radiant altar of Vehumet.
   930 | D:2      | Found a shimmering altar of Xom.
   930 | D:2      | Found a snail-covered altar of Cheibriados.
   932 | D:2      | Found a glowing silver altar of Zin.
  1070 | D:2      | Reached XP level 3. HP: 14/26 MP: 3/3
  1475 | D:2      | Reached XP level 4. HP: 31/33 MP: 4/4
  1480 | D:2      | HP: 1/33 [gnoll/spear (4)]
  1846 | D:3      | Reached skill level 4 in Fighting
  1947 | D:3      | Reached XP level 5. HP: 32/37 MP: 5/5
  2176 | D:3      | Slain by a gnoll

Vault maps used:
D:1:      dpeg_arrival_three_smaller_balls, amethyst_killhole,
          grunt_decor_resistance
D:2:      grunt_temple_overflow_open, first_bread, serial_park_tiny_2,
          corexii_hall_statues_deadend
D:3:      uniq_grinder

Action                   |  1- 3 |  4- 6 || total
-------------------------+-------+-------++-------
Melee: Long sword        |    41 |    47 ||    88
       Dagger            |    11 |       ||    11
  Use: Scroll            |     7 |       ||     7
       Potion            |       |     3 ||     3
 Stab: Sleeping          |     6 |       ||     6
       Distracted        |     1 |       ||     1
  Eat: Chunk             |     1 |     3 ||     4
